AoeStats
← Shredded_Pork

Arena

509068763Analyzed
4v4 RM · 7d ago on Sep 25, 2026· 39m 24s· 8 players
Game mode
Random Map
Map size
Large (8 player)
Population
200
Speed
Normal
Resources
Standard
Victory
Conquest
Starting age
Dark Age
Ending age
Imperial Age
RankedLock teamsTeams togetherTeam positionsShared explorationLock speedFull tech treeHidden civsTurbo modeCheats
Victory
Defeat
🇨🇳 Mongols · China
717
+11
🇹🇼 Inca · Taiwan
655
+14
🇮🇳 Persians · India
642
+14
🇪🇸 Poles · Spain
606
+16
🇵🇱 Celts · Poland
692
-38
🇪🇸 Turks · Spain
591
-13
🇹🇷 Gurjaras · Türkiye
566
-12
🇹🇼 Hindustanis · Taiwan
559
-12
House of Huns
1:28 Loom
17:21 Feudal Age
HiSpace
2:25 Loom
2:32 Loom
14:05 Feudal Age
15:44 Wheelbarrow
15:00 Double-Bit Axe
15:09 Stone Mining
16:17 Horse Collar
20:08 Gold Mining
24:17 Castle Age
24:26 Castle Age
23:07 Fletching
23:28 Forging
23:18 Scale Mail Armor
23:23 Scale Barding Armor
26:04 Stone Shaft Mining
25:44 Bow Saw
29:29 Guard Tower
31:32 Bodkin Arrow
32:23 Fervor
32:49 Ballistics
34:37 Masonry
34:39 Fortified Wall
35:34 Heavy Plow
35:52 Hand Cart
36:36 Hand Cart
38:40 Treadmill Crane
39:10 Fortified Wall
38:57 Murder Holes
J1un8
10:55 Feudal Age
16:43 Horse Collar
16:49 Double-Bit Axe
16:54 Gold Mining
16:55 Stone Mining
23:29 Castle Age
23:43 Arson
23:35 Pikeman
24:16 Squires
25:31 Heavy Plow
25:42 Bow Saw
26:08 Gold Shaft Mining
27:03 Stone Shaft Mining
31:08 Elite Skirmisher
37:26 Imperial Age
35:32 Wheelbarrow
39:02 Forging
38:53 Scale Mail Armor
38:44 Fletching
38:54 Padded Archer Armor
39:27 Crop Rotation
39:28 Caravan
40:19 Hand Cart
Shredded_Pork
10:12 Feudal Age
11:01 Double-Bit Axe
11:01 Horse Collar
18:33 Castle Age
16:48 Stone Mining
17:03 Gold Mining
19:44 Heavy Plow
19:57 Bow Saw
32:07 Imperial Age
30:53 Wheelbarrow
30:45 Scale Mail Armor
30:50 Scale Barding Armor
30:56 Forging
30:36 Fletching
31:10 Ballistics
31:33 Padded Archer Armor
31:48 Chain Mail Armor
33:15 Chain Barding Armor
33:41 Husbandry
33:51 Bloodlines
36:18 Chemistry
35:52 Conscription
34:53 Elite Mangudai
36:46 Parthian Tactics
35:42 Heavy Cavalry Archer
36:30 Thumb Ring
38:06 Iron Casting
38:02 Plate Mail Armor
37:27 Bodkin Arrow
37:48 Leather Archer Armor
37:43 Bodkin Arrow
38:06 Leather Archer Armor
ninagwiazda
domoowop (Y.O. Ko)
1:29 Loom
2:01 Loom
2:31 Loom
12:57 Feudal Age
13:40 Man-at-Arms
16:04 Arson
18:09 Fletching
26:30 Gold Mining
32:13 Castle Age
serkanserpinli
3:36 Loom
14:37 Feudal Age
19:11 Wheelbarrow
24:27 Fletching
24:38 Padded Archer Armor
24:24 Horse Collar
24:32 Double-Bit Axe
32:00 Castle Age
29:57 Gold Mining
30:01 Stone Mining
33:46 Treadmill Crane
34:27 Ballistics
35:58 Leather Archer Armor
35:38 Bodkin Arrow
36:25 Gold Shaft Mining
36:28 Stone Shaft Mining
38:28 Imperial Age
36:34 Hand Cart
40:52 Chemistry
PerkyCake117159
Connection lost

Rejoining the realm…

Still unreachable

The connection could not be restored.

Session expired

The server has moved on; the page needs a fresh start.